 Dungeon Crawl Stone Soup version 0.31-a0-925-g0a390f2509 (webtiles) character file.

Game seed: 6068867513455657644

60 CryptoCactus the Slasher (level 4, 0/35 HPs)
             Began as a Human Fighter on Oct 18, 2023.
             Slain by Terence
             ... wielding a +0 flail
              (6 damage)
             ... on level 1 of the Dungeon.
             The game lasted 00:03:36 (1285 turns).

CryptoCactus the Slasher (Human Fighter)            Turns: 1285, Time: 00:03:37

Health: 0/35       AC:  6    Str: 17    XL:     4   Next: 24%
Magic:  4/4        EV:  9    Int: 10    God:
Gold:   123        SH:  4    Dex: 12    Spells: 3/3 levels left

rFire   . . .        a - +0 long sword
rCold   . . .        c - +0 buckler
rNeg    . . .        b - +0 scale mail
rPois   .            (no helmet)
rElec   .            (no cloak)
rCorr   .            (no gloves)
SInv    .            (no boots)
Will    .....        (no amulet) Stlth
                     (no ring)
HPRegen 0.25/turn    (no ring)
MPRegen 0.09/turn

%: no passive effects
@: mighty
A: no striking features
a: no special abilities


You were on level 1 of the Dungeon.
You visited 1 branch of the dungeon, and saw 2 of its levels.

You collected 123 gold pieces.

Inventory:

Hand Weapons
 a - a +0 long sword (weapon)
Armour
 b - a +0 scale mail (worn)
 c - a +0 buckler (worn)
 j - a +0 cloak
 k - a +0 helmet
Jewellery
 h - a ring of see invisible
Scrolls
 f - a scroll of immolation {unknown}
 g - 2 scrolls of identify {unknown}
Potions
 e - a potion of mutation {unknown}
 i - 2 potions of curing


   Skills:
 - Level 3.0 Fighting
 + Level 4.2 Long Blades
 - Level 3.0 Armour
 - Level 3.0 Shields


You had 3 spell levels left.
You didn't know any spells.
Your spell library was empty.

Dungeon Overview and Level Annotations

Branches:
Dungeon (2/15)

Altars:

Annotations:
D:1 Terence


Message History

i - 3 white potions (gained 1)
You see here a staff of death.
You see here a staff of death.
You see here a +0 dagger.
Terence and an adder come into view.
Terence shouts!
You hear a shout!
The adder moves out of view.
You barely miss Terence. You block Terence's attack.
Terence hits you with a +0 flail!
You hit Terence but do no damage. Terence hits you with a +0 flail!
You hit Terence but do no damage. Terence hits you with a +0 flail.
Terence attacks as he pursues you! Terence hits you with a +0 flail.
* * * LOW HITPOINT WARNING * * *
Terence attacks as he pursues you! You block Terence's attack.
You see here a +0 dagger.
Terence attacks as he pursues you! Terence closely misses you.
There is a stone staircase leading up here.
Terence hits you with a +0 flail. You block the adder's attack.
You climb upwards.
There is a stone staircase leading down here.
Terence attacks as he pursues you! Terence completely misses you.
Terence attacks as he pursues you! You block Terence's attack.
Terence attacks as he pursues you! Terence hits you with a +0 flail!
* * * LOW HITPOINT WARNING * * *
Terence attacks as he pursues you! Terence barely misses you.
It was a potion of curing.
You feel better. Terence hits you with a +0 flail!
* * * LOW HITPOINT WARNING * * *
Okay, then.
Okay, then.
Hit: a) +0 long sword
Press: ? - help, Dir - move target, f - Terence
Aim: Terence, wielding a +0 flail and wearing a +0 chain mail (about 33% to evade your +0 long sword)
Okay, then.
You aren't carrying any items that you can evoke.
You feel very mighty all of a sudden. Terence closely misses you.
You slash Terence!
Terence is heavily wounded.
Terence hits you with a +0 flail.
You die...

####### ......######## ##
.####........# #######.
....####...#.######## #.......
###......#.#....@@..##
#....... ####...#....#####..##
#....... #.##...#.######..#
#....... #......#....# ##.##
#.>.....
##..#.##...#.####..###.......
#...#......#....##.##..#..##.
#.##.†.#.##...#.##.......##..
#....).#......#..#......###.#
##..#.###..#.##...............


You could see Terence.

Vanquished Creatures
  An adder (D:2)
  A dart slug (D:2)
  3 orcs (D:2)
  2 bats
  An endoplasm (D:1)
  7 giant cockroaches
  4 goblins
  3 hobgoblins
  4 kobolds
  4 quokkas
  3 ball pythons
  3 frilled lizards
  8 rats
44 creatures vanquished.

Notes
Turn   | Place    | Note
-------+----------+-------------------------------------------
     0 | D:1      | CryptoCactus the Human Fighter began the quest for the Orb.
     0 | D:1      | Reached XP level 1. HP: 18/18 MP: 1/1
   141 | D:1      | Reached XP level 2. HP: 24/24 MP: 2/2
   213 | D:1      | Reached skill level 3 in Long Blades
   377 | D:1      | Reached XP level 3. HP: 29/29 MP: 3/3
  1069 | D:2      | Reached skill level 4 in Long Blades
  1069 | D:2      | Reached XP level 4. HP: 29/35 MP: 4/4
  1249 | D:2      | Noticed Terence
  1285 | D:1      | Slain by Terence

Illustrated notes

Levels and vault maps discovered:
D:1:      dpeg_arrival_boxorama, layout_rooms, nicolae_hexahallways,
          hangedman_decor_points
D:2:      layout_loops_corners, guppyfry_early_orc_mine, uniq_robin,
          uniq_terence

Skill      XL: |  1  2  3 |
---------------+----------+-----
Long Blades    | 3 4 |  4.2
Fighting       | |  3.0
Armour         | |  3.0
Shields        | |  3.0

Action                     |  1- 3 |  4- 6 || total
---------------------------+-------+-------++-------
  Melee: Long sword        |    85 |    32 ||   117
    Use: Potion            |       |     2 ||     2
 Armour: Scale mail        |    64 |    22 ||    86
  Dodge: Dodged            |    32 |     9 ||    41
  Block: Buckler           |    18 |    10 ||    28

Table legend: (Time is in decaauts)
 A = Elapsed time spent in this place.
 B = Non-inter-level travel time spent in this place.
 C = Inter-level travel time spent in this place.
 D = Time resting spent in this place.
 E = Time spent auto-exploring this place.
 F = Levels seen in this place.
 G = Mean time per level.
                   A        B        C        D        E       F      G
               +--------+--------+--------+--------+--------+-----+--------+
         Total |   1317 |   1248 |     69 |     16 |    911 |   2 |  658.5 |
       Dungeon |   1317 |   1248 |     69 |     16 |    911 |   2 |  658.5 |
               +--------+--------+--------+--------+--------+-----+--------+

Top non-repeatable levels by time:
     D:1: 858 daAuts
     D:2: 459 daAuts
